[Event "ICCopen2016"]
[Site "Internet Chess Club"]
[Date "2016.06.03"]
[Round "6"]
[White "olakenn"]
[Black "DMDIS"]
[Result "1-0"]
[ICCResult "Black forfeits on time"]
[WhiteElo "1696"]
[BlackElo "2016"]
[Opening "Sicilian: closed, 6.Ne2 e5 (Botvinnik)"]
[ECO "B24"]
[NIC "SI.44"]
[Time "19:56:14"]
[TimeControl "180+0"]

1. e4 c5 2. Nc3 g6 3. g3 Bg7 4. Bg2 Nc6 5. Nge2 d6 6. d3 e5 7. Be3 Nf6 8.
Qd2 Ng4 9. O-O-O Nxe3 10. fxe3 Be6 11. Nd5 Qd7 12. h4 h5 13. Rdf1 O-O-O 14.
Nec3 f5 15. exf5 gxf5 16. e4 Bh6 17. Nf4 exf4 18. gxf4 Rhg8 19. Rhg1 Nd4 20.
Kb1 Rg3 21. exf5 Rxg2 22. Rxg2 Bxf5 23. Nd5 Qf7 24. c4 Be6 25. Nc3 Bg4 26.
Nd5 Re8 27. Re1 Be6 28. Ne3 Bxf4 29. Rf2 Bg4 30. Ref1 Bxe3 31. Qxe3 Rxe3 32.
Rxf7 Nf3 33. a3 Kb8 34. Ka2 a5 35. Rf8+ Ka7 36. Rh1 Rxd3 37. Rf1 a4 38. Kb1
Nd4 39. Kc1 Rh3 40. Kb1 Rh2 41. Ka2 {Black forfeits on time} 1-0

[Event "ICCopen2016"]
[Site "Internet Chess Club"]
[Date "2016.06.03"]
[Round "6"]
[White "B-Alqudaimi"]
[Black "MorningRunner"]
[Result "0-1"]
[ICCResult "White forfeits on time"]
[WhiteElo "2494"]
[BlackElo "2200"]
[Opening "Saragossa opening"]
[ECO "A00"]
[NIC "VO.12"]
[Time "19:56:36"]
[TimeControl "180+0"]

1. c3 e6 2. g3 d5 3. Bg2 Nf6 4. d3 c5 5. Nd2 Nc6 6. Ngf3 Be7 7. O-O b6 8.
Re1 Bb7 9. e4 Qc7 10. e5 Nd7 11. d4 h6 12. Nf1 O-O-O 13. Be3 Rdg8 14. Rc1
Kb8 15. c4 dxc4 16. Rxc4 g5 17. d5 exd5 18. Qxd5 Ncxe5 19. Qxb7+ Qxb7 20.
Nxe5 Nxe5 21. Bxb7 Nxc4 22. Bd5 Nxe3 23. Rxe3 Bf6 24. b3 Re8 25. Rf3 Bd4 26.
Bxf7 Ref8 27. Kg2 Rh7 28. Bd5 Rxf3 29. Kxf3 Rd7 30. Bc4 Kb7 31. a4 Rd8 32.
Kg2 Rf8 33. f3 Rd8 34. Nd2 Bg7 35. Ne4 Rd1 36. h4 gxh4 37. gxh4 Be5 38. Kh3
h5 39. Kg2 Rc1 40. Ng5 Rc2+ 41. Kf1 a6 42. Bd5+ Kc7 43. f4 Bf6 44. Be4 Bxg5
45. Bxc2 Bxf4 46. Bd3 a5 47. Be2 Bg3 48. Bxh5 Bxh4 49. Be2 Kd6 50. Bc4 Bf6
51. Ke2 Bd4 52. Kd3 Bb2 53. Kc2 Ba3 54. Bb5 Bb4 55. Bc4 Ke5 56. Bb5 Kf4 57.
Bc4 Ke3 58. Bb5 Kd4 59. Bc4 Ba3 60. Bb5 Bb2 61. Bc4 Bc3 62. Bb5 Be1 63. Bc4
Bh4 64. Bb5 Bg5 65. Bc4 b5 66. Bxb5 c4 67. Bxc4 Bd8 68. Bb5 Bb6 69. Bc4 Bd8
70. b4 axb4 {White forfeits on time} 0-1

[Event "ICCopen2016"]
[Site "Internet Chess Club"]
[Date "2016.06.03"]
[Round "6"]
[White "manta2"]
[Black "TitaniumNinja01"]
[Result "0-1"]
[ICCResult "White forfeits on time"]
[WhiteElo "1134"]
[BlackElo "1258"]
[Opening "Benoni defense, Hromodka system"]
[ECO "A43"]
[NIC "KI.49"]
[Time "19:56:34"]
[TimeControl "180+0"]

1. d4 c5 2. d5 d6 3. c4 Nf6 4. Nc3 g6 5. e4 Bg7 6. f3 e6 7. Bg5 O-O 8. Qd2
a6 9. a4 Re8 10. Nh3 exd5 11. Nxd5 Nc6 12. O-O-O Nd4 13. Kb1 Nxe4 14. fxe4
Qd7 15. Bf6 Qxa4 16. Bxg7 Kxg7 17. Nc7 Rxe4 18. Nxa8 Bf5 19. Bd3 Nb3 20.
Qc3+ Kg8 21. Kc2 Nd4+ 22. Kd2 Nb3+ 23. Kc2 Re2+ 24. Rd2 Rxd2+ 25. Qxd2 Nxd2+
26. Kxd2 Bxd3 27. Kxd3 Qb3+ 28. Ke2 Qc2+ 29. Kf3 Qd3+ 30. Kf2 Qd2+ 31. Kf3
Qd3+ 32. Kf2 Qc2+ 33. Kf3 Qd3+ 34. Kf2 Qd2+ 35. Kf3 Qd3+ 36. Kf2 Qc2+
{White forfeits on time}
0-1

[Event "ICCopen2016"]
[Site "Internet Chess Club"]
[Date "2016.06.03"]
[Round "6"]
[White "HawkKing"]
[Black "GreyWarden"]
[Result "1-0"]
[ICCResult "Black checkmated"]
[WhiteElo "2286"]
[BlackElo "1977"]
[Opening "King's Indian: Torre attack"]
[ECO "A48"]
[NIC "QP.01"]
[Time "19:56:51"]
[TimeControl "180+0"]

1. d4 Nf6 2. Nf3 g6 3. Bg5 Bg7 4. Nbd2 d5 5. e3 O-O 6. c3 Bf5 7. Be2 c6 8.
O-O Nbd7 9. Ne5 Ne4 10. Nxe4 Bxe4 11. f3 Bf5 12. f4 f6 13. Nxd7 Qxd7 14. Bh4
e5 15. Qb3 Rae8 16. Bf3 Bd3 17. Rfe1 e4 18. Be2 Bxe2 19. Rxe2 Qg4 20. Rf2
Qxh4 21. Qxb7 Qg4 22. Qxc6 Qe6 23. Qa4 a6 24. Rc1 Rc8 25. Rfc2 Rc4 26. Qa3
Rfc8 27. b3 R4c6 28. Qa4 f5 29. c4 h6 30. cxd5 Rxc2 31. dxe6 Rxc1+ 32. Kf2
R1c6 33. e7 Kf7 34. d5 Rc2+ 35. Kg3 Kxe7 36. Qxa6 Rd8 37. Qe6+ Kf8 38. d6
Rcc8 39. Qxg6 Rc6 40. Qxf5+ Kg8 41. Qd5+ Kh8 42. Qxc6 Rg8 43. d7 Bf6+ 44.
Kf2 Bd8 45. Qxe4 Kg7 46. Qe8 Kh7 47. f5 Ba5 48. Qf7+ Kh8 49. Qe6 Bb4 50.
Qxh6# {Black checkmated} 1-0

[Event "ICCopen2016"]
[Site "Internet Chess Club"]
[Date "2016.06.03"]
[Round "6"]
[White "BrentMusburger"]
[Black "D-Fernandez"]
[Result "1/2-1/2"]
[ICCResult "Game drawn because neither player has mating material"]
[WhiteElo "2425"]
[BlackElo "2995"]
[Opening "Sicilian: accelerated fianchetto, Maróczy bind, 6.Be3"]
[ECO "B38"]
[NIC "SI.43"]
[Time "19:56:37"]
[TimeControl "180+0"]

1. e4 c5 2. Nf3 g6 3. d4 Bg7 4. c4 cxd4 5. Nxd4 Nc6 6. Be3 Nf6 7. Nc3 O-O 8.
Be2 Nxd4 9. Bxd4 d6 10. Qd2 Bd7 11. O-O Bc6 12. f3 a5 13. b3 Nd7 14. Bf2 Nc5
15. Rab1 f5 16. exf5 Rxf5 17. Bd1 Qf8 18. a3 Be5 19. b4 Rh5 20. Bg3 axb4 21.
axb4 Ne6 22. Ne2 Qf6 23. Bb3 Bxg3 24. Nxg3 Rh4 25. c5 Kh8 26. cxd6 Nd4 27.
dxe7 Qxe7 28. Rbe1 Qf6 29. Bd1 Rf8 30. Qe3 Nf5 31. Nxf5 gxf5 32. Qe5 Qxe5
33. Rxe5 Rxb4 34. Bc2 f4 35. Re7 Rb2 36. Rxh7+ Kg8 37. Bd3 Rd8 38. Bf5 Rdd2
39. Rh4 Rxg2+ 40. Kh1 Rbf2 41. Rxf2 Rxf2 42. Rxf4 Rxf3 43. Rxf3 Bxf3+ 44.
Kg1 Bc6 45. Kf2 Kf7 46. Ke3 Kf6 47. Bd3 Kg5 48. Kd4 Kh4 49. Bf1 Bd7 50. Kc5
Bh3 51. Be2 Bg2 52. Kb6 Kh3 53. Bb5 Kxh2 54. Bd7 Kg3 55. Bc8 Kf4 56. Bxb7
{Game drawn because neither player has mating material}
1/2-1/2

[Event "ICCopen2016"]
[Site "Internet Chess Club"]
[Date "2016.06.03"]
[Round "6"]
[White "chigato"]
[Black "claris"]
[Result "1-0"]
[ICCResult "Black forfeits on time"]
[WhiteElo "1788"]
[BlackElo "1465"]
[Opening "Gedult's opening"]
[ECO "A00"]
[Time "19:56:38"]
[TimeControl "180+0"]

1. f3 d5 2. e4 d4 3. Bd3 e5 4. Qe2 f6 5. c3 c5 6. Bc2 b6 7. d3 Ne7 8. f4
Nec6 9. Nf3 Bd6 10. f5 O-O 11. Bb3+ Kh8 12. O-O Na5 13. Bc2 Ba6 14. Nh4 Nbc6
15. a3 Qe7 16. b4 cxb4 17. axb4 Nb7 18. Rxa6 Nbd8 19. Bb3 Nf7 20. Qh5 Kg8
21. Rf3 Qb7 22. b5 h6 23. Ng6 Rfe8 24. Rg3 dxc3 25. Nxc3 Nd4 26. Bd5 Qc7 27.
Bd2 Rad8 28. Nh4 Kf8 29. Ng6+ Kg8 30. Nh4 Kf8 31. Rxg7 Kxg7 32. Qg6+ Kf8 33.
Bxh6+ Nxh6 34. Qxf6+ Nf7 35. Ng6+ Kg8 36. Nh4 Qe7 37. Qg6+ Kf8 38. f6 Qxf6
39. Qxf6 Re7 40. Ng6+ Ke8 41. Qxf7+ Rxf7 42. Bxf7+ Kxf7 43. Nh4 Rd7 44. Nf5
Ke6 45. Nxd6 Kxd6 46. Nd5 Kc5 47. Ra4 Kxb5 48. Rc4 Ne2+ 49. Kf2 Nf4 50. Nxf4
exf4 51. Ke2 Rh7 52. h3 Rg7 53. Kf3 Rg3+ 54. Kxf4 Rxd3 55. Rc2
{Black forfeits on time}
1-0

[Event "ICCopen2016"]
[Site "Internet Chess Club"]
[Date "2016.06.03"]
[Round "6"]
[White "RJoseph12"]
[Black "Yedixon"]
[Result "1-0"]
[ICCResult "Black forfeits on time"]
[WhiteElo "1261"]
[BlackElo "1219"]
[Opening "Petrov: classical attack"]
[ECO "C42"]
[NIC "RG.04"]
[Time "19:56:48"]
[TimeControl "180+0"]

1. e4 e5 2. Nf3 Nf6 3. Nxe5 d6 4. Nf3 Nxe4 5. d4 d5 6. Bd3 Nc6 7. c4 Nb4 8.
Qa4+ b5 9. Qxb5+ Bd7 10. Qa5 Nxd3+ 11. Kf1 Nxc1 12. Qxd5 Nf6 13. Qe5+ Be7
14. Qe3 Nxa2 15. Rxa2 O-O 16. Nc3 Re8 17. Qd3 Bb4 18. g3 Bxc3 19. bxc3 Bc6
20. Kg2 Bxf3+ 21. Qxf3 Qd6 22. Rha1 a6 23. Ra5 Nd7 24. c5 Qe6 25. c6 Nb6 26.
Re5 Qc4 27. Rc5 Qe2 28. Qxe2 Rxe2 29. d5 a5 30. Rb1 a4 31. d6 a3 32. dxc7
Nc8 33. Ra1 a2 34. Rd5 g6 35. Rd8+ Kg7 36. Rdd1 Ra6 37. Rd6 Rb2 38. Rdd1
Rxc6 39. Rdc1 Rxc7 40. Kf3 Nb6 41. Kg2 Rb7 42. h3 {Black forfeits on time}
1-0

[Event "ICCopen2016"]
[Site "Internet Chess Club"]
[Date "2016.06.03"]
[Round "6"]
[White "Kalmyk"]
[Black "BISPOMAU"]
[Result "1-0"]
[ICCResult "Black forfeits on time"]
[WhiteElo "3002"]
[BlackElo "2144"]
[Opening "Sicilian: closed"]
[ECO "B23"]
[NIC "SI.44"]
[Time "19:56:44"]
[TimeControl "180+0"]

1. e4 c5 2. Nc3 d6 3. f4 e6 4. Nf3 Nf6 5. d3 Be7 6. g3 Nc6 7. Bg2 Rb8 8. O-O
b5 9. h3 b4 10. Ne2 a5 11. g4 Bb7 12. Ng3 a4 13. b3 axb3 14. axb3 e5 15. g5
Nd7 16. Bb2 exf4 17. Nh5 Nde5 18. Nxg7+ Kf8 19. Nf5 Bxg5 20. Kh1 Rg8 21. Qe2
Bc8 22. Qf2 Bxf5 23. exf5 Qf6 24. Nxg5 Qxg5 25. Be4 Qg3 26. Qxg3 Rxg3 27.
Rxf4 Rxh3+ 28. Kg2 Rh5 29. f6 Rg5+ 30. Kf2 Ng6 31. Rf3 Nce5 32. Rh3 h5 33.
Rah1 h4 34. Bc1 Rh5 35. Ke1 Rd8 36. Be3 Ke8 37. Bf2 Kd7 38. Bxh4 Nxh4 39.
Rxh4 Rxh4 40. Rxh4 Ke6 41. Rf4 d5 42. Bg2 Rg8 43. Bh3+ Kd6 44. Rf2 Rh8 45.
Bg2 Rh2 46. Kf1 Ng4 47. Rf3 Ke5 48. Kg1 Rh6 49. Rf1 Nxf6 50. Re1+
{Black forfeits on time}
1-0

[Event "ICCopen2016"]
[Site "Internet Chess Club"]
[Date "2016.06.03"]
[Round "6"]
[White "olimpus"]
[Black "BlitzorDDD"]
[Result "0-1"]
[ICCResult "White checkmated"]
[WhiteElo "2706"]
[BlackElo "2959"]
[Opening "Réti: King's Indian attack (Barcza system)"]
[ECO "A07"]
[NIC "VO.09"]
[Time "19:56:46"]
[TimeControl "180+0"]

1. g3 d5 2. Nf3 c6 3. Bg2 Bg4 4. c4 e6 5. cxd5 exd5 6. O-O Nd7 7. d3 Bd6 8.
Nc3 Ngf6 9. Qc2 O-O 10. e4 Rc8 11. a3 Re8 12. h3 Bxf3 13. Bxf3 d4 14. Ne2 c5
15. b3 b5 16. Bg2 c4 17. bxc4 bxc4 18. f4 cxd3 19. Qxd3 Nc5 20. Qxd4 Ncxe4
21. Kh2 Rc2 22. Qd3 Rxe2 23. Qxe2 Nxg3 24. Qxe8+ Qxe8 25. Kxg3 Nh5+ 26. Kh2
Nxf4 27. Bxf4 Bxf4+ 28. Kh1 g5 29. Rf3 Kg7 30. Raf1 Qe5 31. Rd3 Qb5 32. Rfd1
Qe5 33. Rf1 Qe2 34. Rdf3 h6 35. R3f2 Qe5 36. Rf3 Kg6 37. Rd3 Qe2 38. Rdf3 f5
39. R3f2 Qc4 40. Rf3 Kh5 41. Rd1 Kh4 42. Rfd3 Qc2 43. Rd4 h5 44. a4 g4 45.
Rf1 Kg3 46. Rg1 Qf2 47. Rd3+ Be3 48. Rdd1 Kh4 49. Rgf1 Qg3 50. hxg4 Bf4 51.
Rxf4 Qxf4 52. gxf5 Qxf5 53. Re1 Kg5 54. Re4 h4 55. Kh2 h3 56. Bh1 Kh5 57.
Re2 Qf4+ 58. Kg1 Qg4+ 59. Kf1 Qf4+ 60. Kg1 Qc1+ 61. Kf2 Qf4+ 62. Bf3+ Kg5
63. Re4 Qh2+ 64. Ke3 Qg3 65. Re8 Qe1+ 66. Be2 h2 67. Kf3 h1=Q+ 68. Ke3 Qhg1+
69. Kd3 Qb1+ 70. Kc4 Qgc1+ 71. Kd5 Qf5+ 72. Kd6 Qcc5# {White checkmated} 0-1

[Event "ICCopen2016"]
[Site "Internet Chess Club"]
[Date "2016.06.03"]
[Round "6"]
[White "ShadowLike"]
[Black "wolvie"]
[Result "1-0"]
[ICCResult "Black resigns"]
[WhiteElo "1966"]
[BlackElo "1604"]
[Opening "Sicilian: Tartakower variation"]
[ECO "B21"]
[NIC "SI.48"]
[Time "19:58:01"]
[TimeControl "180+0"]

1. e4 c5 2. d4 cxd4 3. c3 d6 4. Nf3 Nc6 5. Bc4 h6 6. cxd4 e6 7. O-O Nf6 8.
Nc3 Be7 9. Qe2 O-O 10. h3 d5 11. exd5 exd5 12. Bd3 Re8 13. Be3 Bf8 14. Rac1
a6 15. Bb1 Nb4 16. a3 Nc6 17. Qd3 Ne4 18. Nd2 Bf5 19. Ndxe4 Bxe4 20. Nxe4
dxe4 21. Qd2 f5 22. d5 Ne5 23. Bf4 Bd6 24. Rfd1 Ng6 25. Bxd6 Qxd6 26. Qd4
Rac8 27. b4 Nf4 28. Kf1 Nd3 29. Rxc8 Rxc8 30. Bxd3 exd3 31. Qxd3 Qf4 32. d6
Rd8 33. d7 Qc7 34. Qd5+ Kh8 35. Qxf5 Qc4+ 36. Qd3 Qc7 37. Qd6 Qc4+ 38. Qd3
Qc7 39. g3 Qc6 40. Kg1 Qa4 41. Qd6 Qxa3 42. Qe7 Rxd7 43. Rxd7 Qc1+ 44. Kg2
Qc3 45. Rd8+ Kh7 46. Qe4+ g6 47. Qxb7+ Qg7 48. Rd7 {Black resigns} 1-0

[Event "ICCopen2016"]
[Site "Internet Chess Club"]
[Date "2016.06.03"]
[Round "6"]
[White "d13gocr"]
[Black "Capitalist"]
[Result "1-0"]
[ICCResult "Black checkmated"]
[WhiteElo "1711"]
[BlackElo "1328"]
[Opening "Scotch gambit"]
[ECO "C44"]
[NIC "SO.06"]
[Time "19:56:58"]
[TimeControl "180+0"]

1. e4 e5 2. Nf3 Nc6 3. d4 exd4 4. Bc4 Bc5 5. c3 d3 6. Qxd3 h6 7. Bxf7+ Kxf7
8. Qd5+ Ke8 9. Qxc5 Qf6 10. O-O d6 11. Qe3 Bg4 12. Nbd2 Nge7 13. h3 Bh5 14.
Nd4 Kf7 15. f4 Rhf8 16. N2f3 Bxf3 17. Nxf3 Kg8 18. Bd2 Ng6 19. g3 Rae8 20.
Rae1 Qf7 21. Qd3 Nge7 22. Nd4 Qxa2 23. b3 Qa5 24. Ne6 Rf6 25. c4 Qh5 26. f5
Ne5 27. Qe2 Qxh3 28. Qg2 Qxg2+ 29. Kxg2 Nd3 30. Re3 Nc5 31. Nf4 Nxb3 32. Bc3
Rff8 33. Ne6 Rf7 34. Bxg7 Rxg7 35. Nxg7 Kxg7 36. Rxb3 Kf6 37. Rxb7 Rc8 38.
Rxa7 Nc6 39. Ra6 Ne5 40. c5 Rd8 41. cxd6 cxd6 42. Rd1 Nc4 43. Rd4 Ne3+ 44.
Kf3 Nc2 45. Rdxd6+ Rxd6 46. Rxd6+ Kg7 47. e5 Ne1+ 48. Ke4 Ng2 49. Kd5 h5 50.
Ke6 Ne3 51. f6+ Kg6 52. Rd7 Nf5 53. Re7 Nxg3 54. Rg7+ Kh6 55. Rg8 h4 56. f7
Ne4 57. f8=Q+ Kh5 58. Qf7+ Kh6 59. Qg7+ Kh5 60. Rh8# {Black checkmated} 1-0

[Event "ICCopen2016"]
[Site "Internet Chess Club"]
[Date "2016.06.03"]
[Round "6"]
[White "manneredmonkey"]
[Black "A4-H5"]
[Result "1-0"]
[ICCResult "Black forfeits on time"]
[WhiteElo "1629"]
[BlackElo "1851"]
[Opening "Réti: King's Indian attack"]
[ECO "A05"]
[NIC "QP.11"]
[Time "19:57:43"]
[TimeControl "180+0"]

1. Nf3 Nf6 2. g3 g6 3. Bg2 Bg7 4. O-O O-O 5. c4 d5 6. cxd5 Qxd5 7. Nc3 Qh5
8. d4 Nc6 9. d5 Rd8 10. e4 Bg4 11. Qd3 Nb4 12. Qe2 Nd7 13. Bf4 Be5 14. a3
Bxf4 15. gxf4 Na6 16. Qe3 Nac5 17. b4 Na6 18. Rac1 Rac8 19. Ng5 h6 20. Nf3
c6 21. Nd2 f5 22. h3 Nf6 23. hxg4 Nxg4 24. Qh3 Kf7 25. Qxh5 gxh5 26. exf5
Rg8 27. dxc6 bxc6 28. Nde4 h4 29. Kh1 Nc7 30. Nc5 h5 31. Bxc6 h3 32. Nd5 Ne8
33. Bd7 Rd8 34. Be6+ Kg7 35. Nxe7 Rf8 36. Ng6 Rf6 37. Ne5 Rf8 38. f3 Ne3 39.
Rg1+ Kh7 40. Rg6 Nxf5 41. Rg5 Nfg7 42. Rxh5+ Nxh5 43. Bxh3 Nef6 44. Bg4 Rd2
45. Ne6 Rh8 46. Ng5+ Kg8 47. Rc8+ Kg7 48. Rxh8 Kxh8 49. Ng6+ Kg7 50. Nh4 Kg8
51. Nf5 Kf8 52. Bxh5 Rd1+ 53. Kg2 Nxh5 54. Nh6 Nxf4+ 55. Kg3 Rd2 56. Kg4
{Black forfeits on time}
1-0

[Event "ICCopen2016"]
[Site "Internet Chess Club"]
[Date "2016.06.03"]
[Round "7"]
[White "rookfish"]
[Black "manta2"]
[Result "0-1"]
[ICCResult "White checkmated"]
[WhiteElo "1066"]
[BlackElo "1147"]
[Opening "Sicilian defense"]
[ECO "B40"]
[NIC "SI.43"]
[Time "20:06:10"]
[TimeControl "180+0"]

1. e4 c5 2. Nf3 e6 3. Bc4 a6 4. O-O b5 5. Be2 Bb7 6. Nc3 b4 7. Nb1 d5 8.
exd5 Bxd5 9. Ne5 Qg5 10. d4 Qxg2# {White checkmated} 0-1

[Event "ICCopen2016"]
[Site "Internet Chess Club"]
[Date "2016.06.03"]
[Round "7"]
[White "KIEV-1"]
[Black "junard"]
[Result "1-0"]
[ICCResult "Black resigns"]
[WhiteElo "2045"]
[BlackElo "1740"]
[Opening "Sicilian: Najdorf variation"]
[ECO "B98"]
[NIC "SI.05"]
[Time "20:06:36"]
[TimeControl "180+0"]

1. e4 c5 2. Nf3 d6 3. d4 cxd4 4. Nxd4 Nf6 5. Nc3 a6 6. Bg5 e6 7. f4 Qc7 8.
Qf3 Be7 9. O-O-O Nc6 10. Nxc6 bxc6 11. g4 Rb8 12. Bxf6 Bxf6 13. g5 Qb6 14.
gxf6 Qxb2+ 15. Kd2 gxf6 16. Rb1 Qa3 17. Rxb8 O-O 18. Rg1+ Kh8 19. Qg3
{Black resigns}
1-0

[Event "ICCopen2016"]
[Site "Internet Chess Club"]
[Date "2016.06.03"]
[Round "7"]
[White "claris"]
[Black "AaronArrowood"]
[Result "0-1"]
[ICCResult "White resigns"]
[WhiteElo "1459"]
[BlackElo "1738"]
[Opening "Budapest: Rubinstein variation"]
[ECO "A52"]
[NIC "QG.01"]
[Time "20:05:50"]
[TimeControl "180+0"]

1. d4 Nf6 2. c4 e5 3. dxe5 Ng4 4. Bf4 Nc6 5. Nf3 Bb4+ 6. Nc3 Qe7 7. Qd5 O-O
8. h3 Bxc3+ 9. bxc3 Nh6 10. Bxh6 gxh6 11. e3 d6 12. exd6 cxd6 13. Bd3 Be6
14. Qe4 f5 15. Qf4 Qg7 16. Qxd6 Qxc3+ 17. Ke2 Bxc4 18. Rhd1 Bxd3+ 19. Rxd3
Qxa1 20. Qe6+ Kh8 21. Ne5 Qxe5 22. Qxe5+ Nxe5 {White resigns} 0-1

[Event "ICCopen2016"]
[Site "Internet Chess Club"]
[Date "2016.06.03"]
[Round "7"]
[White "kabindra"]
[Black "MasterZachary"]
[Result "0-1"]
[ICCResult "White resigns"]
[WhiteElo "1537"]
[BlackElo "2159"]
[Opening "Sicilian: Smith-Morra gambit"]
[ECO "B21"]
[NIC "SI.48"]
[Time "20:05:48"]
[TimeControl "180+0"]

1. e4 c5 2. d4 cxd4 3. c3 dxc3 4. Nxc3 Nc6 5. Nf3 g6 6. e5 Bg7 7. Bf4 Qa5 8.
Qd5 Qb4 9. Bc4 e6 10. Qd2 Qxc4 11. Rc1 Nb4 12. Rd1 Ne7 13. a3 Nbd5 14. Bg5
Nxc3 15. bxc3 Nd5 16. Rc1 h6 17. Bf6 Bxf6 18. exf6 Nf4 19. Ne5 Qe4+ 20. Qe3
Nxg2+ {White resigns} 0-1

[Event "ICCopen2016"]
[Site "Internet Chess Club"]
[Date "2016.06.03"]
[Round "7"]
[White "Ronibell"]
[Black "tonto"]
[Result "1-0"]
[ICCResult "Black resigns"]
[WhiteElo "2151"]
[BlackElo "1493"]
[Opening "Ruy Lopez: closed defense"]
[ECO "C84"]
[NIC "RL.13"]
[Time "20:06:09"]
[TimeControl "180+0"]

1. e4 e5 2. Nf3 Nc6 3. Bb5 a6 4. Ba4 Nf6 5. O-O Be7 6. c3 b5 7. Bc2 O-O 8.
d4 exd4 9. cxd4 Nb4 10. Bb3 a5 11. e5 Ne4 12. a3 Na6 13. Bc2 d5 14. Qd3 c6
15. Nbd2 Bf5 16. Qe3 Ng5 17. Bxf5 Nxf3+ 18. Nxf3 g6 19. Bc2 c5 20. dxc5 Bxc5
21. Qh6 d4 22. Ng5 Qxg5 {Black resigns} 1-0

[Event "ICCopen2016"]
[Site "Internet Chess Club"]
[Date "2016.06.03"]
[Round "7"]
[White "oskarito"]
[Black "Petergriffin"]
[Result "1-0"]
[ICCResult "Black resigns"]
[WhiteElo "2527"]
[BlackElo "2050"]
[Opening "Scandinavian: Pytel-Wade variation"]
[ECO "B01"]
[NIC "SD.02"]
[Time "20:07:03"]
[TimeControl "180+0"]

1. e4 d5 2. exd5 Qxd5 3. Nc3 Qd6 4. d4 Nf6 5. Nf3 g6 6. Bd3 Bg7 7. O-O O-O
8. Ne4 Qd8 9. Re1 Nc6 10. c3 Bg4 11. h3 Bxf3 12. Qxf3 e5 13. Bg5 Nxd4 14.
cxd4 Qxd4 15. Bxf6 Bxf6 16. Nxf6+ Kg7 17. Rad1 Qb6 18. Nd7 {Black resigns}
1-0

[Event "ICCopen2016"]
[Site "Internet Chess Club"]
[Date "2016.06.03"]
[Round "7"]
[White "tangent"]
[Black "PawnTerminator"]
[Result "1-0"]
[ICCResult "Black resigns"]
[WhiteElo "1970"]
[BlackElo "1659"]
[Opening "Queen's gambit declined"]
[ECO "D30"]
[NIC "QO.17"]
[Time "20:06:52"]
[TimeControl "180+0"]

1. d4 e6 2. c4 d5 3. Nf3 c6 4. Qc2 Bb4+ 5. Bd2 Bxd2+ 6. Nbxd2 Nf6 7. g3 O-O
8. Bg2 Nbd7 9. O-O Re8 10. Rfd1 e5 11. dxe5 Nxe5 12. Nxe5 Rxe5 13. cxd5 Nxd5
14. Nc4 Re8 15. e4 b5 16. Na3 {Black resigns} 1-0

[Event "ICCopen2016"]
[Site "Internet Chess Club"]
[Date "2016.06.03"]
[Round "7"]
[White "MorningRunner"]
[Black "Kiketf"]
[Result "0-1"]
[ICCResult "White resigns"]
[WhiteElo "2196"]
[BlackElo "2548"]
[Opening "Ruy Lopez: closed, Keres (...Nd7) defense"]
[ECO "C96"]
[NIC "RL.23"]
[Time "20:05:49"]
[TimeControl "180+0"]

1. e4 e5 2. Nf3 Nc6 3. Bb5 a6 4. Ba4 Nf6 5. O-O b5 6. Bb3 Be7 7. Re1 O-O 8.
h3 d6 9. c3 Na5 10. Bc2 c5 11. d4 Nd7 12. d5 g6 13. Nbd2 f5 14. exf5 gxf5
15. Nf1 Nf6 16. Bg5 Kh8 17. Ng3 f4 18. Nf5 Bxf5 19. Bxf5 Nc4 20. b3 Nb6 21.
Be6 Ng8 22. Bxe7 Qxe7 23. Qd3 Nf6 24. Nxe5 dxe5 25. Rxe5 c4 26. Qd4 Qd6 27.
Rae1 cxb3 28. axb3 Ra7 29. c4 bxc4 30. bxc4 Rc7 31. Qxf4 Rxc4 32. Qh6 Qe7
33. Bf5 Qg7 34. Qh4 Rxh4 {White resigns} 0-1

[Event "ICCopen2016"]
[Site "Internet Chess Club"]
[Date "2016.06.03"]
[Round "7"]
[White "Rumpel"]
[Black "gmgattass"]
[Result "1-0"]
[ICCResult "Black resigns"]
[WhiteElo "2626"]
[BlackElo "2243"]
[Opening "QGD: 4.Bg5 Be7"]
[ECO "D53"]
[NIC "QO.13"]
[Time "20:06:47"]
[TimeControl "180+0"]

1. d4 d5 2. c4 e6 3. Nc3 Nf6 4. Bg5 Be7 5. e3 h6 6. Bh4 c6 7. Nf3 Nbd7 8.
Qc2 b6 9. Bd3 Bb7 10. O-O O-O 11. Rad1 Rc8 12. Qe2 Qc7 13. e4 dxe4 14. Nxe4
Rfe8 15. Nxf6+ Nxf6 16. Bg3 Bd6 17. Ne5 c5 18. dxc5 Qxc5 19. Bb1 Bxe5 20.
Bxe5 Qxc4 21. Bd3 Qxa2 22. Bxf6 gxf6 23. Qg4+ Kf8 24. Bh7 Qxb2 25. Rd7
{Black resigns}
1-0

[Event "ICCopen2016"]
[Site "Internet Chess Club"]
[Date "2016.06.03"]
[Round "7"]
[White "DARKTRUDER"]
[Black "CrossShark"]
[Result "1-0"]
[ICCResult "Black resigns"]
[WhiteElo "2320"]
[BlackElo "2605"]
[Opening "French: MacCutcheon, Bernstein variation"]
[ECO "C12"]
[NIC "FR.05"]
[Time "20:06:28"]
[TimeControl "180+0"]

1. d4 e6 2. Nc3 Nf6 3. e4 d5 4. Bg5 Bb4 5. e5 h6 6. Bh4 g5 7. Bg3 Ne4 8. Ne2
c5 9. a3 Ba5 10. dxc5 Nxc3 11. Nxc3 Bxc3+ 12. bxc3 Qa5 13. Qd2 Nd7 14. h4 g4
15. h5 Nxc5 16. Bd3 Bd7 17. Bh4 Rc8 18. O-O Nxd3 19. cxd3 Qxc3 20. Qf4 Qc5
21. Bf6 Rg8 22. Rac1 Qf8 23. Rxc8+ Bxc8 24. Qa4+ Bd7 25. Qxa7 Bc6 26. Rc1 g3
27. Rxc6 gxf2+ 28. Kf1 {Black resigns} 1-0

[Event "ICCopen2016"]
[Site "Internet Chess Club"]
[Date "2016.06.03"]
[Round "7"]
[White "talbagels2"]
[Black "Spirals"]
[Result "0-1"]
[ICCResult "White resigns"]
[WhiteElo "1670"]
[BlackElo "2171"]
[Opening "Sicilian: Najdorf, 6.Bg5"]
[ECO "B94"]
[NIC "SI.04"]
[Time "20:06:39"]
[TimeControl "180+0"]

1. e4 c5 2. Nf3 d6 3. d4 cxd4 4. Nxd4 Nf6 5. Nc3 a6 6. Bg5 Nbd7 7. f4 b5 8.
Qf3 Bb7 9. Bd3 h6 10. Bxf6 Nxf6 11. O-O-O e6 12. g4 Qb6 13. Nce2 O-O-O 14.
g5 Nd7 15. g6 e5 16. Nf5 fxg6 17. Ne3 exf4 18. Qxf4 Ne5 19. Nd5 Bxd5 20.
exd5 Be7 21. Nd4 Bg5 22. Qxg5 hxg5 23. Bxg6 Nxg6 {White resigns} 0-1

[Event "ICCopen2016"]
[Site "Internet Chess Club"]
[Date "2016.06.03"]
[Round "7"]
[White "whiteshark"]
[Black "GodspeedR8"]
[Result "1-0"]
[ICCResult "Black resigns"]
[WhiteElo "2591"]
[BlackElo "1801"]
[Opening "Sicilian: Nimzovich-Rossolimo attack (without ...d6)"]
[ECO "B30"]
[NIC "SI.31"]
[Time "20:06:39"]
[TimeControl "180+0"]

1. e4 c5 2. Nf3 Nc6 3. Bb5 d6 4. O-O Bd7 5. Re1 e5 6. c3 Nf6 7. d4 cxd4 8.
cxd4 exd4 9. Nxd4 Nxd4 10. Bxd7+ Qxd7 11. Qxd4 Be7 12. e5 dxe5 13. Qxe5 O-O
14. Qxe7 Rfe8 15. Qb4 Rxe1+ 16. Qxe1 Re8 17. Be3 Ng4 18. Nc3 Nxe3 19. fxe3
b5 20. Rd1 Qg4 21. h3 Qg5 22. e4 h6 23. Rd5 Qf6 24. Rxb5 Qa6 25. Qf2 Qd6 26.
Rb7 Qe6 27. Rxa7 Rd8 28. a4 g5 29. a5 Kg7 30. a6 Kg6 31. Rb7 Rd6 32. a7 Ra6
33. Qf5+ Qxf5 34. exf5+ Kxf5 35. Rb5+ Ke6 36. Rb6+ Rxb6 37. a8=Q {Black
resigns} 1-0

[Event "ICCopen2016"]
[Site "Internet Chess Club"]
[Date "2016.06.03"]
[Round "7"]
[White "acash"]
[Black "livis"]
[Result "0-1"]
[ICCResult "White resigns"]
[WhiteElo "1816"]
[BlackElo "2007"]
[Opening "Mieses opening"]
[ECO "A00"]
[NIC "VO.13"]
[Time "20:06:09"]
[TimeControl "180+0"]

1. d3 e6 2. g3 d5 3. Bg2 c5 4. Nf3 Nc6 5. O-O d4 6. c3 e5 7. cxd4 exd4 8.
Nbd2 Be6 9. Ne4 Be7 10. a3 Nf6 11. Nxf6+ Bxf6 12. Bf4 O-O 13. Rc1 b6 14. Nd2
Rc8 15. Ne4 Be7 16. Qa4 Bd5 17. Rc2 f5 18. Ng5 Bxg2 19. Ne6 Qe8 20. Kxg2 Rf6
21. Qb3 Qf7 22. Bg5 Qxe6 23. Qa4 Rg6 24. Bf4 Bd6 25. Bxd6 Qxd6 26. b4 Ne5
27. bxc5 bxc5 28. Rfc1 Qc6+ 29. Qxc6 Rgxc6 30. Rxc5 Rxc5 {White resigns} 0-1